 Dungeon Crawl Stone Soup version 0.16-a0-129-gbf5829b (console) character file.

933 fofx the Shooter (level 7, -1/56 HPs)
             Began as a Centaur Arcane Marksman on Aug 13, 2014.
             Was a Follower of Yredelemnul.
             Killed by divine providence
             ... invoked by an orc priest
              (10 damage)
             ... on Level 5 of the Dungeon.
             The game lasted 01:20:19 (9210 turns).

fofx the Shooter (Centaur Arcane Marksman)          Turns: 9210, Time: 01:20:20

HP  -1/56        AC  4     Str 14      XL: 7   Next: 86%
MP  10/11        EV 13     Int 12      God: Yredelemnul [*.....]
Gold 247         SH  0     Dex 10      Spells:  3 memorised,  5 levels left

rFire  + . .     SeeInvis .     b - +1 shortbow
rCold  . . .     Clarity  .     a - +0 robe
rNeg   . . .     rCorr    .     (no shield)
rPois  .         rRot     .     (no helmet)
rElec  .         Spirit   .     (no cloak)
SustAb .         Warding  .     (no gloves)
rMut   .         Stasis   .     (no barding)
Gourm  .                        (no amulet)
MR     .....                    t - ring of protection from fire
                                h - +3 ring of evasion

@: about to teleport, very slightly contaminated, very quick, not resistant to
hostile enchantments, very unstealthy
A: hooves 3, deformed body, speed 2, tough skin 3
a: Animate Remains, Renounce Religion


You were on level 5 of the Dungeon.
You worshipped Yredelemnul.
Yredelemnul was aware of your devotion.
You were not hungry.

You visited 1 branch of the dungeon, and saw 5 of its levels.
You also visited: Sewer.

You collected 247 gold pieces.

Inventory:

Hand weapons
 b - a +1 shortbow (weapon)
 c - a +0 blowgun
 r - a cursed -2 short sword
 A - a +0 long sword
Missiles
 w - 18 poisoned needles
 z - 6 arrows (quivered)
 G - 2 sling bullets of flame
Armour
 a - a +0 robe (worn)
Magical devices
 x - a wand of confusion (7) {unknown}
 F - a wand of lightning (6) {unknown}
Scrolls
 k - a scroll of immolation
 l - 3 scrolls of amnesia
 n - a scroll of fog {unknown}
 o - a scroll of blinking
 C - a scroll of teleportation
Jewellery
 h - a +3 ring of evasion (left hand)
 t - a ring of protection from fire (right hand)
 y - a cursed ring of teleportation {unknown}
 D - an uncursed ring of sustain abilities {unknown}
 E - an uncursed ring of protection from magic {unknown}
Potions
 e - a potion of flight
 i - a potion of haste
 j - a potion of lignification
 m - a potion of curing {unknown}
 q - a potion of brilliance
 s - a potion of might {unknown}
 u - a potion of resistance {unknown}
 v - 2 potions of invisibility {unknown}
Books
 d - a book of Debilitation

   Spells                             Type                      Level
   *Corona                            Hexes                        1
   *Slow                              Hexes                        2
   *Inner Flame                       Hexes/Fire                   3
   Enslavement                        Hexes                        4
   Cause Fear                         Hexes                        4
   Leda's Liquefaction                Hexes/Earth                  4
 p - a book of Beasts

   Spells                             Type                      Level
   Summon Butterflies                 Summoning                    1
   Call Canine Familiar               Summoning                    3
   Summon Ice Beast                   Ice/Summoning                4
   Summon Mana Viper                  Hexes/Summoning              5
   Monstrous Menagerie                Summoning                    6
   Summon Hydra                       Summoning                    7


   Skills:
 + Level 2.4 Fighting
 + Level 0.1(1.1) Short Blades
 + Level 2.0 Long Blades
   Level 0.1 Axes
 + Level 6.2 Bows
 + Level 3.1 Throwing
 + Level 0.7 Armour
 + Level 3.1 Dodging
 + Level 0.5 Stealth
 + Level 2.6 Spellcasting
 + Level 3.9 Hexes
 + Level 0.5 Fire Magic


You had 5 spell levels left.
You knew the following spells:

 Your Spells              Type           Power        Failure   Level  Hunger
a - Corona                Hex            ##.....      6%          1    #......
b - Slow                  Hex            ##......     10%         2    ###....
c - Inner Flame           Hex/Fire       #.......     34%         3    ####...


Dungeon Overview and Level Annotations

Branches:
Dungeon (5/15)
 Temple: D:4-7

Altars:
Ashenzari
Dithmenos
Qazlal
Yredelemnul

Shops:
D:5 (


Innate Abilities, Weirdness & Mutations

You have hooves in place of feet.
Armour fits poorly on your strangely shaped body.
You cover ground very quickly.
You have extremely tough skin (AC +3).


Message History

Press: ? - help, Shift-Dir - straight line, f/p - orc priest
Aim: an orc priest, wielding a hand axe and wearing a leather armour (moderately wounded)
You shoot an arrow. The arrow barely misses the orc priest.
The orc priest mumbles some strange prayers to Beogh against you.
Pain shoots through your body!
* * * LOW HITPOINT WARNING * * *
Firing (i - inventory):
z - 7 arrows (quivered)
Press: ? - help, Shift-Dir - straight line, f/p - orc priest
Aim: an orc priest, wielding a hand axe and wearing a leather armour (moderately wounded)
You shoot an arrow.
The arrow hits the orc priest but does no damage.
The orc priest is moderately wounded.
The orc priest grunts loudly.
Read which item? (? for menu, Esc to quit)
As you read the scroll of teleportation, it crumbles to dust.
You feel strangely unstable.
The orc priest mumbles some strange prayers to Beogh against you.
Something smites you!
You die...
Your body rises from the dead as a mindless zombie.

#.# #.#. #.#.#### #.###.#.
### #....... #....#.. ..#
#...## ####.###.##.# #.).)ยง
....## ##.#.# #..###
####.###)##.# #..# #
##.#.###.# #..### ##.## #)#
##...##
#.####.###############.....#
#..........@...o..(.).((...#
####################........
### #......... ..#
##...##### #.# ##.## #.# ###
#(# #.##############
#.o....o.....(..
################


You could see an orc priest.

Vanquished Creatures
  Eustachio (D:5)
  An ogre (D:4)
  A big kobold (Sewer)
  A phantom (D:3)
  2 orc priests (D:4)
  A jelly (D:5)
  2 orc wizards
  5 worker ants
  An ogre zombie (D:5)
  4 green rats
  7 adders
  An inept item mimic (D:4)
  2 giant mites
  2 worms
  8 giant geckos
  An ooze (D:5)
  24 orcs
  2 ball pythons
  21 bats
  A bat zombie (D:5)
  8 giant cockroaches
  9 goblins
  11 hobgoblins
  A jackal (Sewer)
  2 quokkas
  5 giant newts
  12 kobolds
  22 rats
158 creatures vanquished.

Vanquished Creatures (others)
  An orc zombie (D:4)
1 creature vanquished.

Grand Total: 159 creatures vanquished

Notes
Turn   | Place    | Note
--------------------------------------------------------------
     0 | D:1      | fofx, the Centaur Arcane Marksman, began the quest for the Orb.
     0 | D:1      | Reached XP level 1. HP: 16/16 MP: 2/2
   779 | D:1      | Reached skill level 3 in Bows
   825 | D:1      | Reached XP level 2. HP: 23/23 MP: 3/3
  1638 | D:2      | Found a shadowy altar of Dithmenos.
  1644 | D:2      | Reached XP level 3. HP: 20/28 MP: 2/4
  1699 | D:2      | Reached skill level 4 in Bows
  1717 | D:2      | Learned a level 2 spell: Slow
  2977 | D:2      | Reached XP level 4. HP: 32/35 MP: 1/5
  4005 | D:3      | Noticed a phantom
  4377 | D:3      | Reached XP level 5. HP: 37/40 MP: 3/6
  4809 | D:3      | Learned a level 3 spell: Inner Flame
  4908 | D:3      | Killed a phantom
  4908 | D:3      | Reached skill level 5 in Bows
  5416 | D:4      | Reached XP level 6. HP: 30/47 MP: 4/9
  5805 | D:4      | Found a glowing drain.
  5813 | Sewer    | Entered a sewer
  6138 | Sewer    | Reached skill level 1 in Long Blades
  6240 | Sewer    | Found a white marble altar of Elyvilon.
  6723 | D:4      | Found a basalt altar of Yredelemnul.
  6790 | D:4      | Became a worshipper of Yredelemnul the Dark
  7030 | D:4      | Reached skill level 1 in Throwing
  7097 | D:4      | Noticed an ogre
  7322 | D:4      | Killed an ogre
  7322 | D:4      | Reached XP level 7. HP: 55/55 MP: 2/10
  7560 | D:4      | Found a stormy altar of Qazlal.
  7606 | D:4      | Found a shattered altar of Ashenzari.
  7709 | D:4      | Acquired Yredelemnul's first power
  8387 | D:5      | Entered Level 5 of the Dungeon
  8561 | D:5      | Found a stormy altar of Qazlal.
  8813 | D:5      | Noticed Eustachio
  8895 | D:5      | Killed Eustachio
  8895 | D:5      | Reached skill level 6 in Bows
  9088 | D:5      | Found Poch's Weapon Shoppe.
  9210 | D:5      | Killed from afar by an orc priest

Action                   |  1- 3 |  4- 6 |  7- 9 || total
-------------------------+-------+-------+-------++-------
Melee: Dagger            |    24 |    46 |       ||    70
       Hand axe          |    14 |    13 |       ||    27
       Unarmed           |     7 |       |       ||     7
       Long sword        |       |   137 |   132 ||   269
 Fire: Shortbow          |   117 |    47 |    37 ||   201
       Blowgun           |       |    15 |       ||    15
Throw: Tomahawk          |       |     7 |    16 ||    23
 Cast: Corona            |    10 |     5 |     2 ||    17
       Slow              |     9 |    15 |     4 ||    28
       Inner Flame       |       |     7 |     2 ||     9
Invok: Animate Remains   |       |       |     1 ||     1
  Use: Scroll            |     4 |     6 |     3 ||    13
       Potion            |     2 |     4 |     3 ||     9
  Eat: Beef jerky        |     2 |       |       ||     2
       Bread ration      |     1 |     3 |     1 ||     5
       Meat ration       |       |       |     1 ||     1
